 Dungeon Crawl Stone Soup version 0.15-a0-481-g5350d32 (console) character file.

41619 Rage the Basher (level 14, -4/148 HPs)
             Began as an Ogre Fighter on May 7, 2014.
             Was an Elder of Trog.
             Slain by a harpy (12 damage)
             ... on Level 1 of the Shoals.
             The game lasted 00:57:52 (7900 turns).

Rage the Basher (Ogre Fighter)                      Turns: 7900, Time: 00:57:52

HP  -4/148       AC  7     Str 27 (28) XL: 14   Next: 16%
MP   0/14        EV 24     Int  7      God: Trog [****..]
Gold 917         SH 43     Dex 20      Spells:  0 memorised, 13 levels left

rFire  . . .     SeeInvis .     J - +4,+1 flail
rCold  + . .     Rnd*Rage +     l - +0 robe
rNeg   . . .     Conserve .     o - +1 large shield {rC+}
rPois  .         rCorr    .     (helmet restricted)
rElec  .         rRot     .     d - +0 cloak
SustAb . .       Spirit   +     (gloves unavailable)
rMut   .         Warding  .     (boots unavailable)
Saprov + . .     Stasis   .     S - amulet of guardian spirit
MR     +++..                    L - +3 ring of protection
                                g - +4 ring of strength

@: regenerating, agile, extremely resistant to hostile enchantments, fairly
stealthy
A: unfitting armour, agile 1, berserk 1, deterioration 1, fast metabolism 2,
saprovore 1, tough skin 1
a: Burn Spellbooks, Berserk, Trog's Hand, Brothers in Arms, Renounce Religion


You were on level 1 of the Shoals.
You worshipped Trog.
Trog was greatly pleased with you.
You were not hungry.

You visited 3 branches of the dungeon, and saw 17 of its levels.
You also visited: Ice Cave.

You collected 917 gold pieces.

Inventory:

Hand weapons
 p - a +0 blowgun
 J - a +4,+1 flail (weapon)
Missiles
 r - 9 curare-tipped needles
 D - 5 javelins
 M - 4 needles of paralysis
 N - 3 large rocks (quivered)
Armour
 b - a +0 cloak
 d - a +0 cloak (worn)
 l - a +0 robe (worn)
 m - a +1 shield of cold resistance
 o - a +1 large shield of cold resistance (worn)
Magical devices
 e - a wand of digging (1)
 i - a wand of hasting (1)
 j - a wand of enslavement (10) {unknown}
Comestibles
 h - 8 bread rations
 U - 4 rotting chunks of elephant flesh
Scrolls
 k - 2 scrolls of blinking
 n - 8 scrolls of remove curse
 t - 2 scrolls of magic mapping {unknown}
 u - 2 scrolls of noise {unknown}
 y - 2 scrolls of recharging {unknown}
 A - 2 scrolls of teleportation {unknown}
 K - a scroll of enchant armour {unknown}
 O - a scroll of enchant weapon I {unknown}
 P - 2 scrolls of enchant weapon II
 V - a scroll of identify
 X - a scroll of amnesia {unknown}
Jewellery
 g - a +4 ring of strength (left hand)
 w - an uncursed ring of fire
 C - an uncursed ring of positive energy
 L - a +3 ring of protection (right hand)
 R - an uncursed amulet of conservation
 S - an amulet of guardian spirit (around neck)
 W - an uncursed ring of fire
Potions
 a - 6 potions of magic
 f - 5 potions of heal wounds
 s - 3 potions of brilliance
 v - a potion of curing
 E - a potion of poison {unknown}
 F - a potion of flight
Books
 c - a book of Spatial Translocations

   Spells                             Type                      Level
   Apportation                        Translocation                1
   Blink                              Translocation                2
   Shroud of Golubria                 Charms/Translocation         2
   Portal Projectile                  Translocation                3
   Teleport Other                     Translocation                3
   Passage of Golubria                Translocation                4
   Trog disapproves of the use of such an item.
 z - a book of Flames

   Spells                             Type                      Level
   Flame Tongue                       Conjuration/Fire             1
   Throw Flame                        Conjuration/Fire             2
   Conjure Flame                      Conjuration/Fire             3
   Inner Flame                        Hexes/Fire                   3
   Sticky Flame                       Conjuration/Fire             4
   Fireball                           Conjuration/Fire             5
   Trog disapproves of the use of such an item.
 B - a Young Poisoner's Handbook

   Spells                             Type                      Level
   Sting                              Conjuration/Poison           1
   Cure Poison                        Poison                       2
   Mephitic Cloud                     Conjuration/Poison/Air       3
   Olgreb's Toxic Radiance            Poison                       4
   Venom Bolt                         Conjuration/Poison           5
   Trog disapproves of the use of such an item.
 G - a book of Burglary

   Spells                             Type                      Level
   Swiftness                          Charms/Air                   2
   Passwall                           Transmutation/Earth          3
   Passage of Golubria                Translocation                4
   Lee's Rapid Deconstruction         Earth                        5
   Invisibility                       Hexes                        6
   Darkness                           Hexes                        7
   Trog disapproves of the use of such an item.
 I - a book of Wizardry

   Spells                             Type                      Level
   Agony                              Necromancy                   5
   Force Lance                        Conjuration                  5
   Dispersal                          Translocation                6
   Haste                              Charms                       6
   Invisibility                       Hexes                        6
   Spellforged Servitor               Conjuration/Summoning        7
   Trog disapproves of the use of such an item.
 Q - a book of the Sky

   Spells                             Type                      Level
   Flight                             Charms/Air                   3
   Airstrike                          Air                          4
   Silence                            Hexes/Air                    5
   Deflect Missiles                   Charms/Air                   6
   Conjure Ball Lightning             Conjuration/Air              6
   Tornado                            Air                          9
   Trog disapproves of the use of such an item.
Magical staves
 q - an uncursed staff of energy
Miscellaneous
 H - a legendary deck of war
 T - a sack of spiders


   Skills:
 + Level 11.7 Fighting
 - Level 14.1 Maces & Flails
 - Level 6.7 Throwing
 * Level 11.9 Dodging
 + Level 13.0 Shields


You had 13 spell levels left.
You didn't know any spells.

Dungeon Overview and Level Annotations

Branches:
Dungeon (8/15)               Lair (8/8) D:8          Shoals (1/5) Lair:3
  Slime (0/6) Lair:7
 Temple: D:4-7        Swamp: Lair:3-6     Snake: Lair:3-6    Spider: Lair:3-6

Altars:
Cheibriados
Makhleb
Trog
Xom
Jiyva


Innate Abilities, Weirdness & Mutations

You are too large for most types of armour.
You have a very fast metabolism.
You can tolerate rotten meat.
You have tough skin (AC +1).
You are agile. (Dex +2)
You tend to lose your temper in combat.
Your body is slowly deteriorating.


Message History

Your skin crawls.
You feel resistant to hostile enchantments.
You feel slightly more hungry.
The harpy screeches!
The harpy claws you!
* * * LOW HITPOINT WARNING * * *
You block the harpy's attack. The harpy completely misses you.
The harpy completely misses you.
You thump the harpy!
The harpy is heavily wounded.
You block the harpy's attack. The harpy closely misses you.
You thump the harpy!
The harpy is moderately wounded.
You block the harpy's attack. x2
The harpy claws you.
* * * LOW HITPOINT WARNING * * *
The harpy claws you!
* * * LOW HITPOINT WARNING * * *
The harpy claws you!
You die...

≈≈≈..###..≈≈≈≈≈.....## ..≈≈
≈≈≈≈.###..≈≈≈≈≈.##...###..≈≈≈
≈≈≈≈≈...≈≈≈≈≈≈..##.......≈≈≈≈≈
≈≈≈≈≈≈≈≈≈≈≈≈≈≈≈..)......≈≈≈≈≈≈
≈≈≈≈≈≈≈≈≈≈≈≈≈≈....≈≈≈..≈≈≈≈≈≈≈
≈≈≈≈≈≈≈≈≈≈≈≈≈≈....≈≈....≈≈≈≈≈≈≈
≈≈≈≈≈≈≈≈≈≈≈≈≈≈≈..H≈.....≈≈≈≈≈≈≈
≈≈≈≈≈≈≈≈≈≈≈≈≈≈.H#HH.......≈≈≈≈≈
≈≈≈≈≈≈≈≈≈≈≈≈≈..#@#..[....?≈≈≈≈
≈≈≈≈≈≈≈≈≈≈≈≈≈..##.........≈≈≈
≈≈≈≈≈≈≈≈≈≈.............≈≈≈
≈≈≈≈≈≈..##........≈≈ ≈≈≈≈≈≈..
#c....###. ≈≈≈≈≈. ......# ≈≈≈≈.
........ ≈≈≈≈ ....###. ≈ ...


You could see 4 harpies.

Vanquished Creatures
  A white draconian (IceCv)
  2 ice dragons
  5 hydras
  13 death yaks
  2 catoblepae
  An ice statue (IceCv)
  A griffon (Shoals:1)
  4 black mambas
  9 elephants
  A mermaid (Shoals:1)
  6 komodo dragons
  9 spiny frogs
  5 fire drakes
  10 polar bears (IceCv)
  5 blink frogs
  5 giant fireflies (Lair:6)
  3 basilisks
  An elephant slug (Lair:7)
  A wyvern (Lair:4)
  23 yaks
  8 sharks (Lair:3)
  3 hippogriffs
  Edmund (D:5)
  20 wolves
  7 water moccasins
  2 porcupines (Lair:7)
  A yellow wasp (Lair:2)
  A sky beast (D:6)
  14 crocodiles
  2 centaurs
  2 ogres
  2 boring beetles (D:8)
  Sigmund (D:2)
  7 giant frogs
  8 giant slugs
  A crimson imp (D:5)
  3 big fish
  An orc priest (D:5)
  A jelly (D:7)
  4 iguanas
  14 sheep
  A big kobold zombie (D:5)
  Ijyb (D:2)
  14 green rats
  14 adders
  A scorpion zombie (D:5)
  2 giant mites
  A worm (D:3)
  An adder zombie (D:7)
  2 giant geckos
  3 orcs (D:5)
  A ball python (D:1)
  2 giant cockroaches
  6 goblins
  4 hobgoblins
  4 quokkas
  12 bats
  3 giant newts
  3 jackals (Lair:6)
  5 kobolds
  An orc skeleton (D:7)
  A quokka zombie (D:3)
  13 rats
  A rat skeleton (D:4)
  5 fungi
  2 plants
313 creatures vanquished.

Vanquished Creatures (collateral kills)
  An adder (Lair:8)
1 creature vanquished.

Vanquished Creatures (others)
  2 ogres (Lair:8)
  2 fungi
  14 plants
18 creatures vanquished.

Grand Total: 332 creatures vanquished

Notes
Turn   | Place    | Note
--------------------------------------------------------------
     0 | D:1      | Rage, the Ogre Fighter, began the quest for the Orb.
     0 | D:1      | Reached XP level 1. HP: 24/24 MP: 1/1
   156 | D:1      | Reached XP level 2. HP: 22/32 MP: 2/2
   335 | D:2      | Noticed Ijyb
   357 | D:2      | Killed Ijyb
   357 | D:2      | Reached skill level 1 in Throwing
   357 | D:2      | Reached XP level 3. HP: 30/39 MP: 3/3
   409 | D:2      | Noticed Sigmund
   509 | D:2      | Reached XP level 4. HP: 39/48 MP: 4/4
   542 | D:2      | Killed Sigmund
   542 | D:2      | Reached skill level 5 in Maces & Flails
   542 | D:2      | Reached XP level 5. HP: 19/54 MP: 5/5
   828 | D:3      | Found a bloodstained altar of Trog.
   831 | D:3      | Found a shimmering altar of Xom.
   834 | D:3      | Found a burning altar of Makhleb.
   840 | D:3      | Became a worshipper of Trog the Wrathful
  1196 | D:5      | Entered Level 5 of the Dungeon
  1312 | D:5      | Noticed Edmund
  1321 | D:5      | Reached skill level 6 in Maces & Flails
  1321 | D:5      | Reached XP level 6. HP: 59/62 MP: 6/6
  1329 | D:5      | Killed Edmund
  1414 | D:5      | Reached skill level 7 in Maces & Flails
  1427 | D:5      | Reached skill level 5 in Throwing
  1455 | D:4      | Acquired Trog's first power
  1590 | D:6      | Reached XP level 7. HP: 70/70 MP: 7/7
  1651 | D:7      | Reached skill level 8 in Maces & Flails
  1754 | D:8      | Reached XP level 8. HP: 78/78 MP: 8/8
  1761 | D:8      | Reached skill level 9 in Maces & Flails
  1785 | D:8      | Found a staircase to the Lair.
  1845 | Lair:1   | Entered Level 1 of the Lair of Beasts
  1845 | Lair:1   | Noticed a komodo dragon
  1853 | Lair:1   | Killed a komodo dragon
  1853 | Lair:1   | Reached skill level 10 in Maces & Flails
  2132 | Lair:2   | Reached skill level 11 in Maces & Flails
  2212 | Lair:2   | Noticed a spiny frog
  2214 | Lair:2   | Killed a spiny frog
  2214 | Lair:2   | Reached XP level 9. HP: 84/84 MP: 9/9
  2265 | Lair:2   | Acquired Trog's second power
  2330 | Lair:2   | Paralysed by a yellow wasp for 1 turns
  2336 | Lair:2   | Reached skill level 5 in Shields
  2454 | Lair:3   | Noticed a spiny frog
  2465 | Lair:3   | Killed a spiny frog
  2491 | Lair:3   | Reached skill level 12 in Maces & Flails
  2583 | Lair:3   | Found a staircase to the Shoals.
  2655 | Lair:3   | Reached skill level 5 in Fighting
  2735 | Lair:3   | Noticed a five-headed hydra
  2746 | Lair:3   | Killed a five-headed hydra
  2746 | Lair:3   | Reached XP level 10. HP: 91/102 MP: 10/10
  2756 | Lair:3   | Noticed an ice dragon
  2786 | Lair:3   | Killed an ice dragon
  2803 | Lair:3   | Gained mutation: You are agile. (Dex +2) [potion of mutation]
  2803 | Lair:3   | Gained mutation: You have a very fast metabolism. [potion of mutation]
  2803 | Lair:3   | Gained mutation: You tend to lose your temper in combat. [potion of mutation]
  2804 | Lair:3   | Lost mutation: You are agile. (Dex +2) [potion of mutation]
  2804 | Lair:3   | Gained mutation: You are agile. (Dex +2) [potion of mutation]
  2804 | Lair:3   | Gained mutation: Your body is slowly deteriorating. [potion of mutation]
  3048 | Lair:4   | Reached skill level 13 in Maces & Flails
  3049 | Lair:4   | Noticed a four-headed hydra
  3057 | Lair:4   | Killed a four-headed hydra
  3216 | Lair:4   | Reached skill level 5 in Dodging
  3216 | Lair:4   | Reached XP level 11. HP: 75/113 MP: 6/11
  3449 | Lair:4   | Noticed a six-headed hydra
  3455 | Lair:4   | Killed a six-headed hydra
  3871 | Lair:5   | Noticed a catoblepas
  3896 | Lair:5   | Killed a catoblepas
  3896 | Lair:5   | Reached skill level 14 in Maces & Flails
  4254 | Lair:6   | Acquired Trog's third power
  4412 | Lair:6   | YLIDIKK destroyed
  4646 | Lair:7   | Reached skill level 10 in Fighting
  4683 | Lair:7   | Found a frozen archway.
  4683 | Lair:7   | Noticed an ice dragon
  4692 | Lair:7   | Killed an ice dragon
  4692 | Lair:7   | Reached XP level 12. HP: 126/126 MP: 10/12
  4732 | IceCv    | Entered an ice cave
  5027 | IceCv    | Noticed a white draconian
  5127 | IceCv    | Killed a white draconian
  5219 | IceCv    | Got a brightly glowing halberd
  5518 | IceCv    | Reached skill level 10 in Shields
  5740 | Lair:8   | Entered Level 8 of the Lair of Beasts
  5869 | Lair:8   | Noticed a death yak
  5873 | Lair:8   | Noticed a death yak
  5874 | Lair:8   | Noticed a death yak
  5877 | Lair:8   | Noticed a death yak
  5885 | Lair:8   | Killed a death yak
  5923 | Lair:7   | HP: 5/195 [death yak (8)]
  5925 | Lair:7   | Killed a death yak
  5943 | Lair:7   | Found a staircase to the Slime Pits.
  5943 | Lair:7   | Found a viscous altar of Jiyva.
  6075 | Lair:8   | Reached XP level 13. HP: 84/137 MP: 13/13
  6148 | Lair:8   | Killed a death yak
  6155 | Lair:8   | Killed a death yak
  6222 | Lair:8   | Noticed a death yak
  6230 | Lair:8   | Killed a death yak
  6371 | Lair:8   | Noticed a death yak
  6372 | Lair:8   | Noticed a death yak
  6373 | Lair:8   | Noticed a death yak
  6373 | Lair:8   | Noticed a death yak
  6405 | Lair:8   | Killed a death yak
  6409 | Lair:8   | Killed a death yak
  6424 | Lair:8   | Noticed a death yak
  6430 | Lair:8   | Noticed a death yak
  6467 | Lair:8   | Killed a death yak
  6471 | Lair:8   | Killed a death yak
  6483 | Lair:8   | Killed a death yak
  6483 | Lair:8   | Reached skill level 10 in Dodging
  6491 | Lair:8   | Killed a death yak
  6864 | Lair:8   | Noticed a death yak
  6864 | Lair:8   | Noticed a death yak
  6864 | Lair:8   | Noticed a four-headed hydra
  6877 | Lair:8   | HP: 4/205 [four-headed hydra (14)]
  6885 | Lair:8   | Killed a four-headed hydra
  6941 | Lair:8   | Killed a death yak
  6951 | Lair:8   | Killed a death yak
  7304 | Lair:7   | Upgraded the game from 0.15-a0-462-gf669498 to 0.15-a0-481-g5350d32
  7356 | Lair:7   | Noticed an eight-headed hydra
  7366 | Lair:7   | Killed an eight-headed hydra
  7370 | Lair:7   | HP: 8/205 [porcupine's spines (5)]
  7470 | Lair:7   | Found a snail-covered altar of Cheibriados.
  7607 | Lair:5   | Reached XP level 14. HP: 146/146 MP: 14/14
  7831 | Shoals:1 | Entered Level 1 of the Shoals
  7900 | Shoals:1 | Slain by a harpy

Action                   |  1- 3 |  4- 6 |  7- 9 | 10-12 | 13-15 || total
-------------------------+-------+-------+-------+-------+-------++-------
Melee: Flail             |    70 |   124 |   104 |   664 |   575 ||  1537
 Fire: Blowgun           |       |       |       |     1 |       ||     1
Throw: Large rock        |     2 |    17 |    40 |    45 |    24 ||   128
       Javelin           |       |       |     7 |    26 |    26 ||    59
Invok: Berserk           |       |       |     5 |    15 |     6 ||    26
       Trog's Hand       |       |       |       |    13 |    14 ||    27
       Brothers in Arms  |       |       |       |       |     2 ||     2
Evoke: Wand              |       |       |       |     5 |     3 ||     8
  Use: Potion            |       |     2 |       |     7 |     3 ||    12
       Scroll            |       |       |       |    11 |     1 ||    12
 Stab: Sleeping          |       |       |     1 |       |       ||     1
       Petrified         |       |       |       |       |     2 ||     2
       Petrifying        |       |       |       |       |     1 ||     1
